[Event "*** SCC Grand Prix: Titled Tuesday Blitz"]
[Site "Chess.com"]
[Date "2020.06.02"]
[Round "5"]
[White "BogdanDeac"]
[Black "theblitzchamp"]
[Result "1/2-1/2"]
[WhiteElo "2927"]
[BlackElo "2659"]
[TimeControl "180+1"]
[EndTime "10:57:58 PDT"]
[Termination "Game drawn by agreement"]

1. Nf3 Nf6 2. c4 g6 3. Nc3 Bg7 4. e4 d6 5. d4 O-O 6. h3 e5 7. d5 a5 8. g4 Na6 9. Be3 c6 10. Be2 cxd5 11. cxd5 Nd7 12. Nd2 Ndc5 13. a3 Bd7 14. Bxa6 Rxa6 15. Bxc5 dxc5 16. a4 Ra8 17. Qe2 Rb8 18. O-O-O Qe8 19. b3 b5 20. axb5 Bxb5 21.
Nxb5 Rxb5 22. Kc2 Qb8 23. Ra1 Bh6 24. Nc4 Rxb3 25. Rhb1 a4 26. Na5 c4 27. Qxc4 1/2-1/2

[Event "*** SCC Grand Prix: Titled Tuesday Blitz"]
[Site "Chess.com"]
[Date "2020.06.02"]
[Round "5"]
[White "Kira170"]
[Black "almo64"]
[Result "0-1"]
[WhiteElo "2618"]
[BlackElo "2822"]
[TimeControl "180+1"]
[EndTime "10:57:58 PDT"]
[Termination "almo64 won on time"]

1. e4 c5 2. b3 g6 3. Bb2 Nf6 4. e5 Nd5 5. Nf3 Bg7 6. Bc4 Nb6 7. O-O Nxc4 8. bxc4 Nc6 9. Re1 d6 10. Qc1 dxe5 11. d3 Nd4 12. Nxe5 O-O 13. Nd2 f6 14. Nef3 e5 15. Ba3 b6 16. Nxd4 exd4 17. Qd1 Bb7 18.
Qg4 f5 19. Qf4 g5 20. Qg3 h5 21. f4 g4 22. Re6 Qd7 23. Rg6 Kf7 24. Rg5 Rh8 25.
Rf1 h4 26. Qe1 Rae8 27. Qd1 Bf6 28. Bb2 h3 29. Ne4 fxe4 30. Rxg4 e3 31. Rg3 e2 0-1

[Event "*** SCC Grand Prix: Titled Tuesday Blitz"]
[Site "Chess.com"]
[Date "2020.06.02"]
[Round "5"]
[White "chessablanca"]
[Black "BakaPG"]
[Result "0-1"]
[WhiteElo "2446"]
[BlackElo "2690"]
[TimeControl "180+1"]
[EndTime "10:57:58 PDT"]
[Termination "BakaPG won by checkmate"]

1. Nf3 d5 2. c4 d4 3. e3 c5 4. b4 Nc6 5. bxc5 e5 6. exd4 e4 7. Ng1 Qxd4 8. Nc3 Bxc5 9. Qe2 Nf6 10. Nf3 Qd8 11. Nxe4 O-O 12. Nxc5 Re8 13. Bb2 Rxe2+ 14.
Bxe2 Qb6 15. Nb3 a5 16. c5 Qd8 17. O-O Bg4 18. h3 Bh5 19. d4 Nd5 20. Rfd1 Nf4 21.
Nc1 Nb4 22. a3 Nbd5 23. Kh2 Qc7 24. Kg1 Re8 25. Bf1 Bxf3 26. gxf3 Re6 27. Nd3 Nxd3 28. Bxd3 Qf4 29. Be4 Qg5+ 30. Kf1 Nf4 31. d5 Qg2+ 32.
Ke1 Qxf3 33. dxe6 Qe2# 0-1

[Event "*** SCC Grand Prix: Titled Tuesday Blitz"]
[Site "Chess.com"]
[Date "2020.06.02"]
[Round "5"]
[White "Msb2"]
[Black "Micki-taryan"]
[Result "1-0"]
[WhiteElo "2840"]
[BlackElo "3038"]
[TimeControl "180+1"]
[EndTime "10:58:00 PDT"]
[Termination "Msb2 won by resignation"]

1. d4 Nf6 2. c4 e6 3. Nc3 Bb4 4.
e3 b6 5. Bd2 Bxc3 6. Bxc3 Ne4 7. Bb4 c5 8. Ba3 d6 9. Nf3 Bb7 10. Bd3 Nd7 11. b4 O-O 12. O-O f5 13. bxc5 bxc5 14. Bb2 Rb8 15. Rb1 Ng5 16. Nd2 Rf6 17. f4 Nf7 18. d5 e5 19. Bc3 Qe7 20. fxe5 Ndxe5 21. Bxf5 Rf8 22. Be6 Rxf1+ 23. Qxf1 Kh8 24.
Qf5 Nh6 25. Qe4 Ng6 26. h3 Ba6 27. Nf3 Nf7 28. h4 Re8 29. Qg4 Nh6 30. Qg3 Nf8 31.
Ng5 Bxc4 32. Nf7+ Qxf7 33. Bxf7 1-0

[Event "*** SCC Grand Prix: Titled Tuesday Blitz"]
[Site "Chess.com"]
[Date "2020.06.02"]
[Round "5"]
[White "chessfrendz"]
[Black "Misticpikachu"]
[Result "1-0"]
[WhiteElo "2409"]
[BlackElo "2246"]
[TimeControl "180+1"]
[EndTime "10:58:00 PDT"]
[Termination "chessfrendz won by resignation"]

1. Nf3 d5 2. g3 e6 3. Bg2 Nf6 4. c4 Be7 5. O-O O-O 6. b3 c5 7. cxd5 Nxd5 8. Bb2 Nc6 9. e4 Nf6 10.
Re1 b6 11. d4 cxd4 12. Nxd4 Bb7 13. e5 Nd5 14. Nd2 Nxd4 15. Bxd4 Qd7 16. Ne4 Rfd8 17. Qg4 Kh8 18. Red1 Rac8 19. Nd6 Bxd6 20. exd6 f6 21. Bh3 Qxd6 22. Qxe6 Qxe6 23. Bxe6 Rc7 24.
Rac1 Re7 25. Bf5 g6 26. Bxf6+ Nxf6 27. Rxd8+ Kg7 28. Bc8 Bf3 29. Rd3 Be4 30. Re3 Re8 31. f3 Bd5 32. Rxe8 Nxe8 33. Kf2 Kf6 34. Rd1 Ke5 35.
Re1+ Kd6 36. Rxe8 Kc5 37. Be6 a5 1-0

[Event "*** SCC Grand Prix: Titled Tuesday Blitz"]
[Site "Chess.com"]
[Date "2020.06.02"]
[Round "5"]
[White "flexova"]
[Black "zala02"]
[Result "1-0"]
[WhiteElo "2452"]
[BlackElo "2230"]
[TimeControl "180+1"]
[EndTime "10:58:00 PDT"]
[Termination "flexova won on time"]

1. Nf3 d5 2. g3 Bg4 3. Bg2 c6 4. h3 Bh5 5. O-O Nd7 6. d3 Ngf6 7. Qe1 e5 8. e4 d4 9. Nh4 Bc5 10. f4 exf4 11. Bxf4 O-O 12. Nd2 Re8 13. Qf2 Nf8 14. Bg5 Re6 15. Nf5 Bg6 16. Nxg7 Kxg7 17. e5 Be7 18.
exf6+ Bxf6 19. Bf4 Be5 20. Rae1 Bxf4 21. Qxf4 Rxe1 22.
Rxe1 Ne6 23. Qg4 Qf6 24. Ne4 Qe5 25. Qd1 Re8 26. Kh2 Qh5 27. Qxh5 Bxh5 28. Nd6 Re7 29. Nf5+ 1-0

[Event "*** SCC Grand Prix: Titled Tuesday Blitz"]
[Site "Chess.com"]
[Date "2020.06.02"]
[Round "5"]
[White "eljanov"]
[Black "econpower"]
[Result "0-1"]
[WhiteElo "2810"]
[BlackElo "2643"]
[TimeControl "180+1"]
[EndTime "10:58:01 PDT"]
[Termination "econpower won by resignation"]

1. Nf3 g6 2. g3 Bg7 3. Bg2 d6 4. d4 Nd7 5. O-O e5 6. c4 Ne7 7. Nc3 O-O 8. e4 exd4 9. Nxd4 Nc6 10. Be3 Nde5 11. Nxc6 bxc6 12. Qa4 c5 13. Nd5 Bd7 14. Qc2 Nc6 15. Rad1 Nd4 16. Qd2 a5 17. b3 Re8 18.
Bg5 f6 19. Be3 Nc6 20. f4 Qb8 21. f5 g5 22. h4 gxh4 23. g4 Kh8 24. g5 Qd8 25. Kh1 Ne5 26. Rg1 Bc6 27. gxf6 Bxf6 28.
Nxf6 Qxf6 29. Bg5 Qf7 30. Qf4 h3 31. Bxh3 Qh5 32. Rg3 Qxd1+ 33. Kh2 Rf8 34. Bh6 Qe2+ 35. Rg2 Nf3+ 36. Qxf3 Qxf3 37. Bg7+ Kg8 0-1

[Event "*** SCC Grand Prix: Titled Tuesday Blitz"]
[Site "Chess.com"]
[Date "2020.06.02"]
[Round "5"]
[White "simonachess"]
[Black "hectorfiori"]
[Result "0-1"]
[WhiteElo "2170"]
[BlackElo "2374"]
[TimeControl "180+1"]
[EndTime "10:58:01 PDT"]
[Termination "hectorfiori won on time"]

1. e4 c5 2. Nc3 e6 3. d3 a6 4. Nf3 b5 5. g3 Bb7 6. Ne2 Nf6 7.
Bg2 d5 8. exd5 Nxd5 9. O-O Nc6 10.
Nf4 Be7 11. Nxd5 exd5 12. Re1 O-O 13. c3 Bf6 14. Bf4 Ra7 15. Qd2 d4 16. c4 bxc4 17.
dxc4 Ne7 18. Bg5 Ng6 19. Bxf6 Qxf6 20. Nh4 Nxh4 21. Bxb7 Rxb7 22. gxh4 Qxh4 23. b3 Rb6 24. Kh1 Rf6 25. Re2 h6 26. Rg1 Kh8 27. Rg2 Rd8 28.
Qd3 Qf4 29. Rg3 g6 30. Kg2 Rdd6 31. Re4 Qc1 32. h3 Kg7 33. Re2 Rf4 34. Rg4 Rxg4+ 35.
hxg4 Qg5 36. f3 Rf6 37. Qe4 h5 38. Kg3 h4+ 39. Kg2 Re6 40. Qd3 Re3 0-1

[Event "*** SCC Grand Prix: Titled Tuesday Blitz"]
[Site "Chess.com"]
[Date "2020.06.02"]
[Round "5"]
[White "ChessWarrior7197"]
[Black "GregShahade"]
[Result "1-0"]
[WhiteElo "2904"]
[BlackElo "2583"]
[TimeControl "180+1"]
[EndTime "10:58:03 PDT"]
[Termination "ChessWarrior7197 won by resignation"]

1. e4 e5 2. d4 exd4 3. Qxd4 Nc6 4. Qe3 g6 5. h4 h5 6. Nc3 Bg7 7. Bd2 d6 8. O-O-O Be6 9. Nh3 Nge7 10. Ng5 Qd7 11. Kb1 O-O-O 12. Bc1 Rhe8 13. f3 Kb8 14. Bb5 a6 15. Ba4 Bh6 16. Qf2 Bxg5 17. Bxg5 Rc8 18. Nd5 Ng8 19. Nb4 f6 20. Bxc6 bxc6 21. Nxa6+ Ka8 22.
Qd4 fxg5 23. Nc5 dxc5 24. Qa4+ Kb7 25. Rxd7 Bxd7 26. Qb3+ Ka7 27. hxg5 Be6 28. Qc3 Rb8 29. Qxc5+ Rb6 30. f4 Kb7 31. f5 gxf5 32. exf5 Rb5 33. Qc3 Bxf5 34. a4 Rd5 35. Rf1 Bg6 36. Ka2 Re2 37.
Qb4+ Ka7 38. Rf8 Re8 39. Rxe8 Bxe8 40. Qf8 Rxg5 41. Qxe8 Rxg2 42. Qxh5 Rg7 43. Qc5+ Kb7 44. a5 Rg6 45. Qb4+ Ka7 46. Qc4 Ne7 47. b4 Nd5 48.
Qc5+ Kb7 49. b5 Rd6 50. bxc6+ Ka6 51. c4 Nc3+ 52. Kb3 Rd3 53. Kc2 Rh3 54. Qf5 Rg3 55. Qc8+ Kxa5 56. Qxc7+ Ka4 57. Qxg3 Kb4 58. Qxc3+ Kc5 59.
c7 1-0

[Event "*** SCC Grand Prix: Titled Tuesday Blitz"]
[Site "Chess.com"]
[Date "2020.06.02"]
[Round "5"]
[White "Alexander_Moskalenko"]
[Black "yobdc"]
[Result "1-0"]
[WhiteElo "2825"]
[BlackElo "2166"]
[TimeControl "180+1"]
[EndTime "10:58:03 PDT"]
[Termination "Alexander_Moskalenko won on time"]

1. d4 Nf6 2. c4 e6 3. Nc3 d5 4. cxd5 exd5 5. Bg5 c6 6. e3 Be7 7. Bd3 Nbd7 8. Qc2 Nf8 9. Nge2 Ne6 10. Bh4 g6 11. f3 Nh5 12. Bf2 Bd7 13. g4 Nf6 14. h4 h5 15. g5 Ng8 16. e4 Qa5 17. O-O-O Bd6 18. a3 Ne7 19. e5 Bc7 20. Be1 Bb8 21. Ne4 Qd8 22. Nf6+ Kf8 23. f4 Ng7 24. Bb4 a5 25.
Bxe7+ Qxe7 26. Ng3 Bg4 27. Rdf1 Ba7 28. f5 gxf5 29. Nxf5 Bxf5 30. Bxf5 Bxd4 31. Bg6 Bxe5 32. Bxf7 Bxf6 33. Rxf6 Qe3+ 34. Kb1 Ke7 35. Bxd5 Rhf8 36. Rhf1 Rad8 37. Qh7 1-0

[Event "*** SCC Grand Prix: Titled Tuesday Blitz"]
[Site "Chess.com"]
[Date "2020.06.02"]
[Round "5"]
[White "Mbneu"]
[Black "cukus"]
[Result "0-1"]
[WhiteElo "2239"]
[BlackElo "2486"]
[TimeControl "180+1"]
[EndTime "10:58:03 PDT"]
[Termination "cukus won by resignation"]

1. d4 Nf6 2. c4 g6 3. Nc3 d5 4. cxd5 Nxd5 5. g3 Bg7 6. Bg2 Nxc3 7. bxc3 c5 8. e3 O-O 9. Ne2 Nc6 10. O-O e5 11. d5 Ne7 12. e4 Bg4 13. h3 Bd7 14.
a4 Nc8 15. Ba3 b6 16. a5 Nd6 17. f4 f5 18. fxe5 Bxe5 19. Nf4 fxe4 20. Ne6 Bxe6 21. dxe6 Bxg3 22. Qd5 Qe7 23. Rad1 Rad8 24. Rxf8+ Rxf8 25. Bxe4 Nxe4 26. Qxe4 Bb8 27. Bc1 Qc7 28. Rd2 Qg3+ 29. Rg2 Qe5 30. Qxe5 Bxe5 31. Bg5 Bxc3 32. axb6 axb6 33. Ra2 Re8 34. e7 b5 35. Ra7 Bd4+ 36.
Kg2 b4 37. Rb7 Kf7 38. Kf3 Bf6 39. Bxf6 Kxf6 40. Rc7 Rxe7 41. Rxc5 Rb7 0-1

[Event "*** SCC Grand Prix: Titled Tuesday Blitz"]
[Site "Chess.com"]
[Date "2020.06.02"]
[Round "5"]
[White "czasnaszachy"]
[Black "VladimirBugayev"]
[Result "0-1"]
[WhiteElo "2342"]
[BlackElo "2156"]
[TimeControl "180+1"]
[EndTime "10:58:03 PDT"]
[Termination "VladimirBugayev won on time"]

1. d4 d5 2. c4 c6 3. cxd5 cxd5 4. Nc3 Nc6 5. Bf4 a6 6. e3 Nf6 7. Nf3 Bf5 8. a3 Rc8 9. Bd3 Bxd3 10.
Qxd3 e6 11. O-O Be7 12. Rac1 O-O 13. b4 a5 14. b5 Nb8 15. a4 Nbd7 16. h3 Nb6 17.
Nd2 Bb4 18. Ndb1 h6 19. Rfd1 Qe7 20. Qc2 Ne4 21. Qb3 Nxc3 22. Nxc3 Rc4 23. Rc2 Rfc8 24. Rdc1 Bxc3 25. Rxc3 Qb4 26. Qxb4 axb4 27. Rxc4 dxc4 28.
a5 b3 29. axb6 b2 30. Rb1 c3 31. e4 Ra8 32. Be3 Ra1 0-1

[Event "*** SCC Grand Prix: Titled Tuesday Blitz"]
[Site "Chess.com"]
[Date "2020.06.02"]
[Round "5"]
[White "GM_Buhmann"]
[Black "Norival"]
[Result "0-1"]
[WhiteElo "2818"]
[BlackElo "2647"]
[TimeControl "180+1"]
[EndTime "10:58:05 PDT"]
[Termination "Norival won by resignation"]

1. Nf3 d5 2. d4 Nf6 3. c4 c6 4. e3 a6 5. Nc3 Bf5 6. Bd2 e6 7. Qb3 Qc8 8. Nh4 Be4 9. f3 dxc4 10.
Bxc4 Bd5 11. e4 Bxc4 12. Qxc4 Be7 13. O-O O-O 14. g3 Rd8 15. Be3 b5 16. Qe2 c5 17.
dxc5 Bxc5 18. Rac1 Nbd7 19. Ng2 Bxe3+ 20. Qxe3 Qb7 21. e5 Nd5 22. Qe4 Nc5 23. Qe2 Qa7 24. Nxd5 Rxd5 25. Kh1 Nd3 26. Rcd1 Rad8 27. Ne3 R5d7 28. f4 h6 29. f5 Qb7+ 30. Qg2 Nf2+ 0-1

[Event "*** SCC Grand Prix: Titled Tuesday Blitz"]
[Site "Chess.com"]
[Date "2020.06.02"]
[Round "5"]
[White "JakubPulpan"]
[Black "Borsuk_Konstantin"]
[Result "1/2-1/2"]
[WhiteElo "2719"]
[BlackElo "2567"]
[TimeControl "180+1"]
[EndTime "10:58:05 PDT"]
[Termination "Game drawn by repetition"]

1. e4 e6 2. d4 d5 3. Nd2 Nf6 4. Bd3 c5 5. e5 Nfd7 6. c3 Nc6 7. Ne2 b6 8. O-O cxd4 9. cxd4 Nb4 10. Bb1 Ba6 11. a3 Nd3 12. Bxd3 Bxd3 13. Nf3 Bg6 14. Bg5 Be7 15. Bxe7 Qxe7 16. Nf4 O-O 17. Nxg6 fxg6 18. Rc1 Rfc8 19. Qa4 Nf8 20. Rc6 g5 21. Rfc1 Rxc6 22. Qxc6 Rd8 23. h3 h6 24. Qc7 Rd7 25.
Qc8 Kh7 26. Ne1 Ng6 27. Nd3 Qf7 28. Rc6 Re7 29. Rd6 Qf5 30. Qc2 Nf4 31. Nb4 Qxc2 32. Nxc2 Rc7 33. Ne3 Ne2+ 34. Kh2 Nxd4 35. Rd8 Rc2 36. Rd7 Rxf2 37. Ng4 Rxb2 38. Nf6+ Kg6 39. Ne8 Kf5 40. Rxa7 Nf3+ 41. Kg3 Nxe5 42. Nxg7+ Kf6 43. Ne8+ Kg6 44. Rg7+ Kf5 45. Nd6+ Kf6 46. Ne8+ Kf5 47. Nd6+ Kf6 48. Ne8+ Kf5 1/2-1/2

[Event "*** SCC Grand Prix: Titled Tuesday Blitz"]
[Site "Chess.com"]
[Date "2020.06.02"]
[Round "5"]
[White "Blitzking642"]
[Black "Mr_Sinigami"]
[Result "0-1"]
[WhiteElo "2311"]
[BlackElo "2601"]
[TimeControl "180+1"]
[EndTime "10:58:05 PDT"]
[Termination "Mr_Sinigami won by resignation"]

1. d4 Nf6 2. c4 e6 3. Nc3 Bb4 4. Qc2 O-O 5. a3 Bxc3+ 6. Qxc3 b5 7. cxb5 c6 8. Qg3 cxb5 9. Bh6 Ne8 10. Nf3 Bb7 11. e3 Nc6 12. Be2 Ne7 13. Bg5 f6 14.
Bf4 d6 15. Qh3 e5 16. Bg3 Ng6 17. Qe6+ Kh8 18. O-O Nc7 19. Qb3 Qe7 20. dxe5 dxe5 21. h3 Rfd8 22. Rfd1 a6 23. Rxd8+ Rxd8 24. Rd1 Be4 25.
Rxd8+ Qxd8 26. Qf7 Bd5 0-1

[Event "*** SCC Grand Prix: Titled Tuesday Blitz"]
[Site "Chess.com"]
[Date "2020.06.02"]
[Round "5"]
[White "DraG0s3L"]
[Black "ahappypawn"]
[Result "1-0"]
[WhiteElo "2514"]
[BlackElo "2362"]
[TimeControl "180+1"]
[EndTime "10:58:05 PDT"]
[Termination "DraG0s3L won by resignation"]

1. Nf3 d5 2. b3 c5 3. Bb2 Nc6 4. e3 a6 5. Be2 Nf6 6. d4 Bg4 7.
O-O e6 8. c4 cxd4 9. Nxd4 Bxe2 10. Qxe2 Bd6 11. Nc3 O-O 12. Rfd1 Qc7 13. h3 Nxd4 14.
Rxd4 Be5 15. Rh4 Rfd8 16. Rc1 d4 17. exd4 Bxd4 18. Rxd4 Rxd4 19. Nd5 exd5 20. Bxd4 Qf4 21. Be3 Qe4 22. Qd2 h6 23. Bd4 Nh5 24. Re1 Qf5 25.
Re5 Qb1+ 26. Kh2 Nf6 27. cxd5 Rd8 28. Be3 Qg6 29. Qd4 Rd6 30. Bf4 Rd7 31. d6 Nh5 32.
Re8+ Kh7 33. Be5 Qf5 34. g4 Qf3 35. gxh5 f6 36. Bg3 Qxh5 37. Qe4+ f5 38. Qe6 Qf7 39.
Qxf7 Rxf7 40. Re7 1-0

[Event "*** SCC Grand Prix: Titled Tuesday Blitz"]
[Site "Chess.com"]
[Date "2020.06.02"]
[Round "5"]
[White "bazar-wokzal"]
[Black "GelmanAlexander"]
[Result "1-0"]
[WhiteElo "2410"]
[BlackElo "2548"]
[TimeControl "180+1"]
[EndTime "10:58:06 PDT"]
[Termination "bazar-wokzal won on time"]

1. e4 c5 2. c3 e6 3. d4 d5 4.
e5 Nc6 5. Nf3 Bd7 6. a3 f6 7.
Bd3 fxe5 8. dxe5 c4 9. Bc2 Qc7 10. Bf4 O-O-O 11. O-O h6 12. h4 g5 13. hxg5 hxg5 14. Nxg5 Bh6 15. Qg4 Bxg5 16. Qxg5 Nge7 17. Bg3 Rdg8 18. Qe3 d4 19. cxd4 Nd5 20. Qd2 Qb6 21. Nc3 Nxd4 22. Be4 Bc6 23. Bxd5 Bxd5 24. Qf4 Nf5 25.
Nxd5 Qxb2 26. Nf6 Nxg3 27. fxg3 Rd8 28. Qxc4+ Kb8 29. Rab1 1-0

[Event "*** SCC Grand Prix: Titled Tuesday Blitz"]
[Site "Chess.com"]
[Date "2020.06.02"]
[Round "5"]
[White "GAusal"]
[Black "snap_man"]
[Result "0-1"]
[WhiteElo "1990"]
[BlackElo "2295"]
[TimeControl "180+1"]
[EndTime "10:58:06 PDT"]
[Termination "snap_man won on time"]

1. e4 c6 2. d4 d5 3. e5 Bf5 4.
Nf3 e6 5. Be2 Bb4+ 6. Nbd2 Ne7 7.
c3 Ba5 8. Nh4 Nd7 9. O-O O-O 10.
Nxf5 Nxf5 11. Bd3 Ne7 12. Qh5 Ng6 13. Nf3 Re8 14. Ng5 Ndf8 15. f4 h6 16. Nxf7 Kxf7 17. Bxg6+ Nxg6 18. f5 exf5 19. Rxf5+ Kg8 20. Qxg6 Qh4 21.
Bg5 Qe4 22. Bxh6 Re7 23. Raf1 Bb6 24. Bc1 Rxe5 0-1

[Event "*** SCC Grand Prix: Titled Tuesday Blitz"]
[Site "Chess.com"]
[Date "2020.06.02"]
[Round "5"]
[White "LedakovAlexandr"]
[Black "Redbandit87"]
[Result "1-0"]
[WhiteElo "2500"]
[BlackElo "2339"]
[TimeControl "180+1"]
[EndTime "10:58:07 PDT"]
[Termination "LedakovAlexandr won by resignation"]

1. Nf3 d5 2. d4 Nf6 3. c4 e6 4. g3 Be7 5. Bg2 O-O 6. O-O c6 7. Nbd2 Nbd7 8. Qc2 b6 9. e4 dxe4 10.
Nxe4 Bb7 11. Rd1 Rc8 12. Nxf6+ Nxf6 13. c5 Qc7 14. Bf4 Qd7 15. Ne5 Qe8 16. Nc4 Nd5 17. Bd6 Qd7 18. Bxe7 Qxe7 19. Nd6 Rc7 20. a3 bxc5 21.
dxc5 Rd8 22. Rd4 Rcd7 23. Ra4 Ba8 24. Re1 Nf6 25. Ra6 Ne8 26. Nxe8 Qxe8 27. Qa4 Rd4 28. b4 Rd2 29. h4 g6 30. Rxa7 Kg7 31. Bf3 R2d3 32.
Kg2 R8d4 33. Rd1 Qe7 34. Rxe7 1-0

[Event "*** SCC Grand Prix: Titled Tuesday Blitz"]
[Site "Chess.com"]
[Date "2020.06.02"]
[Round "5"]
[White "MathiasWomacka"]
[Black "mirochka"]
[Result "1-0"]
[WhiteElo "2378"]
[BlackElo "2180"]
[TimeControl "180+1"]
[EndTime "10:58:07 PDT"]
[Termination "MathiasWomacka won on time"]

1. e4 c5 2. Nf3 Nc6 3. d4 cxd4 4. Nxd4 e5 5. Nb5 d6 6. c4 a6 7. N5c3 Be7 8. Nd5 f5 9. Be3 Rb8 10. Bb6 Qd7 11. exf5 Bd8 12. Qh5+ Qf7 13. Qxf7+ Kxf7 14. Bd3 Bxb6 15. Nxb6 Nge7 16. Nxc8 Rbxc8 17. Nd2 Nb4 18. Be4 b5 19. a3 Nbc6 20. O-O bxc4 21.
Nxc4 Rhd8 22. Nb6 Rb8 23. Nd5 Rxb2 24. Rfb1 Rdb8 25. Rxb2 Rxb2 26. Rc1 Rb6 27. Nxb6 1-0

[Event "*** SCC Grand Prix: Titled Tuesday Blitz"]
[Site "Chess.com"]
[Date "2020.06.02"]
[Round "5"]
[White "CroissantNeuf"]
[Black "aleksa74"]
[Result "0-1"]
[WhiteElo "2387"]
[BlackElo "2675"]
[TimeControl "180+1"]
[EndTime "10:58:08 PDT"]
[Termination "aleksa74 won on time"]

1. e4 c6 2. Nc3 d5 3. Nf3 Nf6 4. e5 Ne4 5. Ne2 Qb6 6. d4 e6 7. Ng3 c5 8. Bd3 Nxg3 9. fxg3 cxd4 10. O-O h6 11. a3 Nc6 12. b4 Be7 13. Bd2 O-O 14.
Kh1 f6 15. Qe2 Bd7 16. b5 Nxe5 17. Nxe5 fxe5 18. Qxe5 Rxf1+ 19. Rxf1 Rf8 20. Rxf8+ Bxf8 21. a4 Bd6 22. Qh5 Qd8 23. Bxh6 Be8 24. Qg4 Qf6 25. Bxg7 Bh5 26. Qxh5 Kxg7 27. Qh7+ Kf8 0-1

[Event "*** SCC Grand Prix: Titled Tuesday Blitz"]
[Site "Chess.com"]
[Date "2020.06.02"]
[Round "5"]
[White "Angel_Hranitel_37"]
[Black "serhanberat_ozdemir"]
[Result "1-0"]
[WhiteElo "2392"]
[BlackElo "2514"]
[TimeControl "180+1"]
[EndTime "10:58:08 PDT"]
[Termination "Angel_Hranitel_37 won on time"]

1. d4 Nf6 2. Nf3 g6 3. g3 Bg7 4. Bg2 O-O 5. O-O d6 6. Nc3 a5 7. a4 Na6 8. e4 c6 9. h3 e5 10.
Be3 Qc7 11. dxe5 dxe5 12. Qe2 Nb4 13. Rac1 b6 14. Nd2 Ba6 15. Nc4 Rab8 16. Rfd1 Rfd8 17. Rxd8+ Qxd8 18. Rd1 Qe7 19. b3 Qe6 20. Bf1 Bf8 21.
Kh2 Nd7 22. Qd2 Nc5 23. Nxb6 Bxf1 24. Rxf1 Rxb6 25. Qd8 Rb7 26. Bxc5 Re7 27. Bxe7 Qxe7 28. Qxe7 Bxe7 29. Rc1 Bc5 30. Kg2 Bd4 31. Ne2 1-0

[Event "*** SCC Grand Prix: Titled Tuesday Blitz"]
[Site "Chess.com"]
[Date "2020.06.02"]
[Round "5"]
[White "MNyuyu"]
[Black "pooh2012"]
[Result "1-0"]
[WhiteElo "2281"]
[BlackElo "2413"]
[TimeControl "180+1"]
[EndTime "10:58:08 PDT"]
[Termination "MNyuyu won on time"]

1. d4 Nf6 2. Nf3 e6 3. Bg5 c5 4. e3 Qb6 5. Nbd2 d5 6. Bxf6 gxf6 7. Rb1 Nc6 8. c3 Bd7 9. Be2 Qc7 10. O-O c4 11. e4 O-O-O 12. b3 cxb3 13. Qxb3 Na5 14.
Qc2 dxe4 15. Nxe4 f5 16. Ng3 Bc6 17. Ne5 Bd6 18. f4 Bd5 19. c4 Bxe5 20. dxe5 Qc5+ 21. Kh1 Bc6 22. Bf3 Rd4 23. Bxc6 Nxc6 24. Rbc1 Rhd8 25. Qf2 b6 26. Qf3 Rd2 27. Rg1 Kc7 28. Qh5 R8d7 29.
Qxh7 Rxa2 30. Nh5 Qe7 31. Nf6 Rdd2 32. Qh8 Nd4 33. c5 bxc5 34. Ne8+ Kb6 35. Nd6 Qc7 36. Nc4+ Kc6 37. Nxd2 Rxd2 38. Qf8 Kd5 39. Rgd1 Rxd1+ 40. Rxd1 c4 41. Qd6+ Qxd6 42. exd6 c3 43. d7 c2 44. d8=Q+ 1-0

[Event "*** SCC Grand Prix: Titled Tuesday Blitz"]
[Site "Chess.com"]
[Date "2020.06.02"]
[Round "5"]
[White "pfalcon1949"]
[Black "ChronicUnhappiness"]
[Result "0-1"]
[WhiteElo "2019"]
[BlackElo "2311"]
[TimeControl "180+1"]
[EndTime "10:58:08 PDT"]
[Termination "ChronicUnhappiness won on time"]

1. d4 Nf6 2. c4 e6 3. Nc3 Bb4 4. a3 Bxc3+ 5. bxc3 c5 6. e3 Nc6 7. Bd3 d6 8. Ne2 O-O 9. O-O e5 10. e4 cxd4 11. Bg5 h6 12. Bh4 dxc3 13. Nxc3 Be6 14. Nd5 g5 15. Bg3 Nd4 16. Rb1 b6 17. h4 Nxd5 18.
cxd5 Bd7 19. hxg5 hxg5 20. Ba6 Kg7 21. f4 f6 22. Rc1 Rh8 23. fxg5 fxg5 24. Rc3 Rh6 25. Qc1 Qe7 26. Rc7 Rah8 27. Bc8 Rh1+ 28. Kf2 Rf8+ 0-1

[Event "*** SCC Grand Prix: Titled Tuesday Blitz"]
[Site "Chess.com"]
[Date "2020.06.02"]
[Round "5"]
[White "saikrishnaReturns"]
[Black "rpragchess"]
[Result "0-1"]
[WhiteElo "2636"]
[BlackElo "2868"]
[TimeControl "180+1"]
[EndTime "10:58:09 PDT"]
[Termination "rpragchess won by resignation"]

1. e4 c5 2. Nf3 Nc6 3. Nc3 d6 4.
Bb5 Bd7 5. O-O Nf6 6. Re1 e6 7. Bxc6 Bxc6 8. e5 Nd7 9. exd6 Bxd6 10. Ne4 Be7 11. d3 O-O 12. Bf4 Qb6 13. b3 f6 14.
Bg3 e5 15. Ned2 Rae8 16. a4 Qc7 17. Nc4 b6 18. Nfd2 Bd8 19. Qe2 a6 20. Ne4 Re6 21. Bh4 b5 22. axb5 axb5 23. Ne3 f5 24. Bxd8 Qxd8 25.
Nc3 Rg6 26. f3 Qb6 27. Qf2 Qb7 28. Kf1 e4 29. f4 exd3 30. cxd3 Nf6 31. Ra2 Re8 32.
Nxf5 Bxg2+ 33. Qxg2 Rxe1+ 34. Kxe1 Rxg2 35. Ne4 Rxa2 0-1

[Event "*** SCC Grand Prix: Titled Tuesday Blitz"]
[Site "Chess.com"]
[Date "2020.06.02"]
[Round "5"]
[White "lifeissofun"]
[Black "damayito"]
[Result "1-0"]
[WhiteElo "2266"]
[BlackElo "1654"]
[TimeControl "180+1"]
[EndTime "10:58:09 PDT"]
[Termination "lifeissofun won on time"]

1. e4 e6 2. d4 d5 3. Nd2 Nf6 4. e5 Nfd7 5. Bd3 c5 6. c3 Nc6 7. Ne2 Qb6 8. Nf3 c4 9. Bc2 a5 10. O-O Qd8 11. Ng3 h6 12. Ne1 b5 13. f4 b4 14. f5 Qh4 15. fxe6 fxe6 16. Bg6+ Kd8 17. Bf7 Nb6 18. Rf4 Qe7 19. Qg4 Bd7 20. Nf3 Kc7 21.
Bg6 a4 22. Rf7 Qd8 23. Qxe6 Ra7 24. Bf4 Kc8 25. Rxd7 Qxd7 26. Bf5 Qxe6 27. Bxe6+ Kb7 28. Rf1 Be7 29. Nf5 Rf8 30. Bg3 b3 31. a3 Bg5 32.
Nxg5 hxg5 33. Nd6+ 1-0

[Event "*** SCC Grand Prix: Titled Tuesday Blitz"]
[Site "Chess.com"]
[Date "2020.06.02"]
[Round "5"]
[White "csati17"]
[Black "superchess02"]
[Result "1-0"]
[WhiteElo "2571"]
[BlackElo "2696"]
[TimeControl "180+1"]
[EndTime "10:58:10 PDT"]
[Termination "csati17 won by resignation"]

1. c4 c5 2. g3 Nf6 3. Bg2 d5 4.
cxd5 Nxd5 5. Nc3 Nxc3 6. bxc3 Nc6 7. Nf3 e5 8. O-O Be7 9. Rb1 O-O 10. d3 Qc7 11. Qc2 Rb8 12. Nd2 Rd8 13. a4 Be6 14.
Ba3 b6 15. h3 Na5 16. c4 Nc6 17. e3 Qd7 18. Kh2 Nb4 19. Bxb4 cxb4 20. Nf3 Bd6 21. Rfd1 Qc7 22. Qb2 a5 23. Nd2 Bd7 24. Ra1 Bc5 25. d4 exd4 26. exd4 Bf8 27. d5 g6 28. Ne4 Bg7 29. d6 Qc8 30. Nf6+ Kh8 31. Qd4 Qc5 32.
Qh4 h5 33. Rd5 Qxf2 34. Rxh5+ gxh5 35. Qxh5+ 1-0